 Dungeon Crawl Stone Soup version 0.19.0-16-g73b5abf (webtiles) character file.

41 Jerry the Charmwright (level 3, -4/29 HPs)
             Began as a Demigod Skald on Nov 11, 2016.
             Slain by a gnoll
             ... wielding a +0 whip
              (8 damage)
             ... on level 2 of the Dungeon.
             The game lasted 00:03:33 (1669 turns).

Jerry the Charmwright (Demigod Skald)               Turns: 1669, Time: 00:03:34

Health: -4/29      AC:  3    Str: 15    XL:     3   Next: 16%
Magic:  3/8        EV: 11    Int: 16    God:
Gold:   130        SH:  0    Dex: 17    Spells: 1 memorised, 4 levels left

rFire  . . .     SeeInvis .     a - +0 falchion
rCold  . . .     Gourm    .     b - +0 leather armour
rNeg   . . .     Faith    .     (no shield)
rPois  .         Spirit   .     (no helmet)
rElec  .         Reflect  .     (no cloak)
rCorr  .         Harm     .     (no gloves)
MR     .....                    (no boots)
Stlth  ++........               (no amulet)
                                (no ring)
                                o - ring of stealth

@: infused
A: high mp 1
a: no special abilities


You were on level 2 of the Dungeon.
You were hungry.

You visited 1 branch of the dungeon, and saw 3 of its levels.

You collected 130 gold pieces.

Inventory:

Hand Weapons
 a - a +0 falchion (weapon)
Armour
 b - a +0 leather armour (worn)
Jewellery
 o - a ring of stealth (left hand)
Scrolls
 e - a scroll of enchant weapon {unknown}
 f - a scroll of teleportation {unknown}
 h - a scroll of remove curse {unknown}
 i - a scroll of fog {unknown}
 k - 5 scrolls of identify {unknown}
 l - a scroll of fear {unknown}
 n - a scroll of recharging {unknown}
 p - a scroll of blinking {unknown}
Potions
 g - a potion of brilliance {unknown}
 j - 2 potions of curing {unknown}
 q - a potion of heal wounds {unknown}
Books
 c - a book of Battle

   Spells                             Type                      Level
   a - Infusion                       Charms                       1
   b - Shroud of Golubria             Charms/Translocation         2
   c - Song of Slaying                Charms                       2
   d - Spectral Weapon                Hexes/Charms                 3
   e - Regeneration                   Charms/Necromancy            3
Comestibles
 d - 2 bread rations
 m - a meat ration


   Skills:
 - Level 1.7 Fighting
 + Level 2.5 Long Blades
 + Level 2.0 Armour
 - Level 1.2 Dodging
 - Level 1.7 Spellcasting
 - Level 2.6 Charms


You had 4 spell levels left.
You knew the following spells:

 Your Spells              Type           Power        Failure   Level  Hunger
a - Infusion              Chrm           ##..         10%         1    ##.....


Dungeon Overview and Level Annotations

Branches:
Dungeon (3/15)


Innate Abilities, Weirdness & Mutations

You have an increased reservoir of magic. (+10% MP)


Message History

* * * LOW HITPOINT WARNING * * *
The gnoll barely misses you.
You are too injured to fight recklessly!
The gnoll closely misses you.
You see here a spear.
There is a stone staircase leading up here.
The gnoll barely misses you.
You riposte.
You barely miss the gnoll.
The gnoll is moderately wounded.
You climb upwards.
There is a stone staircase leading down here.
You are feeling hungry.
Casting: Infusion
Confirm with . or Enter, or press ? or * to list all spells.
You begin infusing your attacks with magical energy.
The gnoll hits you with a whip.
* * * LOW HITPOINT WARNING * * *
Your leather armour prevents you from hitting the gnoll.
The gnoll is lightly wounded.
The gnoll hits you with a whip!
You die...

#.# #.# ############# #.# #.#
#...........# #.# #.#
#.#########.# #.# #.##########
#.# #.....#.# #.# #.##.......#
#.# #.#.###.# #.###.##.......#
#.###.#.# #.# #..............#
#.#.....# #)########.###.######
#.#.#.### #.....@g....##.######
#.#<....# #.#####..#..........#
#.#.#.#.############.[.#.####.#
............÷...........>.....#
#.#.#.#.#.#.##.#.#####.##########
#.#...#.#.#.##.#.....#.#........#
#.#...#.#.#.##.#.÷...#.#.######.#
#.#####.#.#.##.#<...)#.#.# #.#
........#..............#.# #.#


You could see a gnoll.

Vanquished Creatures
  A gnoll (D:3)
  2 worms
  A dart slug (D:2)
  A goblin (D:2)
  3 hobgoblins
  3 jackals (D:3)
  2 bats (D:1)
  4 frilled lizards
  6 kobolds
  2 rats
25 creatures vanquished.

Notes
Turn   | Place    | Note
-------+----------+-------------------------------------------
     0 | D:1      | Jerry the Demigod Skald began the quest for the Orb.
     0 | D:1      | Reached XP level 1. HP: 17/17 MP: 5/5
    21 | D:1      | Reached skill level 1 in Armour
   189 | D:1      | Reached skill level 1 in Dodging
   742 | D:2      | Reached XP level 2. HP: 21/24 MP: 7/7
   867 | D:2      | Found a shadowy altar of Dithmenos.
  1624 | D:3      | Reached XP level 3. HP: 26/29 MP: 3/8
  1669 | D:2      | Slain by a gnoll

Skill      XL: |  1  2 |
---------------+-------+-----
Armour         | 1 2 |  2.0
Dodging        | 1 |  1.2
Long Blades    | 2 |  2.5
Fighting       | |  1.7
Spellcasting   | |  1.7
Charms         | |  2.6

Action                   || total
-------------------------++-------
Melee: Falchion          ||    91
 Cast: Infusion          ||     3
 Stab: Distracted        ||     1
  Eat: Chunk             ||     2
Armor: Leather armour    ||    26
Dodge: Dodged            ||    58
       Rpst.: Falchion   ||    15
